[Event "Team 45 45 League T50"]
[Site "Internet Chess Club"]
[Date "2011.09.29"]
[Round "8"]
[White "Magagna"]
[Black "achessman"]
[Result "1-0"]
[WhiteElo "1935"]
[BlackElo "1940"]
[Opening "QGD Slav defense"]
[ECO "D10"]
[Time "21:05:55"]
[TimeControl "2700+45"]

1. d4 d5 2. c4 c6 3. Nc3 Nf6 4. e3 a6 5. Nf3 Bf5 6. Qb3 b5 7. cxd5 Nxd5 8. Nxd5
Qxd5 9. Qxd5 cxd5 10. Bd2 e6 11. Rc1 Nd7 12. Be2 Bd6 13. O-O Ke7 14. Nh4 Bg6 15.
h3 Rhc8 16. a3 Nb6 17. Nxg6+ hxg6 18. Bc3 Rc6 19. Bd3 f5 20. f3 Rac8 21. e4 Na4
22. exd5 exd5 23. Rfe1+ Kf6 24. Bb1 Nxc3 25. Rxc3 Rxc3 26. bxc3 Rxc3 27. Ba2
Bxa3 28. Bxd5 Rc1 29. Kf2 f4 30. Re6+ Kf5 31. Rxa6 Bb2 32. Be4+ Kg5 33. Rxg6+
Kh5 34. Rd6 b4 35. g3 fxg3+ 36. Kxg3 Rd1 37. Bg6+ {Black resigns} 1-0

[Event "Team 45 45 League T50"]
[Site "Internet Chess Club"]
[Date "2011.09.30"]
[Round "8"]
[White "BigH"]
[Black "Killian"]
[Result "1/2-1/2"]
[WhiteElo "2013"]
[BlackElo "1937"]
[Opening "Trompowsky attack (Ruth, Opocenský opening)"]
[ECO "A45"]
[Time "13:29:16"]
[TimeControl "2700+45"]

1. d4 Nf6 2. Bg5 Ne4 3. Bf4 d5 4. e3 Bf5 5. Bd3 e6 6. Nf3 Bd6 7. Bxd6 cxd6 8.
O-O O-O 9. Bxe4 dxe4 10. Nfd2 Nc6 11. c3 Qg5 12. f4 Qg6 13. Nc4 d5 14. Ne5 Nxe5
15. dxe5 Rac8 16. Qb3 b6 17. Na3 f6 18. exf6 Rxf6 19. Nb5 a6 20. Nd4 b5 21. a4
bxa4 22. Rxa4 Ra8 23. Rfa1 Re8 24. Rxa6 Bh3 25. g3 Bg4 26. Ra8 Rff8 27. Qb7 h5
28. Rxe8 Rxe8 29. Ra8 Rxa8 30. Qxa8+ Kh7 31. Qd8 e5 32. fxe5 Qa6 33. Qf8 Bh3 34.
Nc2 Qa2 {Game drawn by mutual agreement} 1/2-1/2

[Event "Team 45 45 League T50"]
[Site "Internet Chess Club"]
[Date "2011.09.30"]
[Round "8"]
[White "SimplyClaudia"]
[Black "Nakke"]
[Result "0-1"]
[WhiteElo "1748"]
[BlackElo "1793"]
[Opening "Czech Benoni: King's Indian system"]
[ECO "A53"]
[Time "18:00:09"]
[TimeControl "2700+45"]

1. d4 Nf6 2. c4 d6 3. Nc3 e5 4. d5 c5 5. e4 g6 6. f4 exf4 7. Bxf4 Nh5 8. Be3 Bg7
9. Nf3 O-O 10. Bd3 Bg4 11. O-O Nd7 12. h3 Bxf3 13. Qxf3 Ne5 14. Qe2 Ng3 15. Qd2
Nxf1 16. Rxf1 Qd7 17. Be2 Rae8 18. a3 a6 19. b4 b6 20. Qc2 Rb8 21. Nd1 Rfc8 22.
bxc5 bxc5 23. Nf2 Rc7 24. Ng4 Nxg4 25. Bxg4 Qe8 26. Bc1 Rcb7 27. h4 h5 28. Bf3
Bd4+ 29. Kh1 Kg7 30. Qd2 Qh8 31. Bd1 Be5 32. Qf2 Qd8 33. Qe3 Qxh4+ 34. Kg1 Bh2+
35. Kh1 Bg3+ 36. Kg1 Qh2# {White checkmated} 0-1

[Event "Team 45 45 League T50"]
[Site "Internet Chess Club"]
[Date "2011.10.03"]
[Round "8"]
[White "gandre"]
[Black "TwoEqualsOne"]
[Result "1/2-1/2"]
[WhiteElo "1718"]
[BlackElo "1742"]
[Opening "King's Indian: London system"]
[ECO "A45"]
[Time "19:00:15"]
[TimeControl "2700+45"]

1. d4 Nf6 2. Bf4 g6 3. Nf3 d5 4. e3 Bg7 5. Be2 O-O 6. O-O Nc6 7. h3 Ne4 8. Nbd2
Nxd2 9. Qxd2 h6 10. c3 Bf5 11. Rfe1 Re8 12. Bd3 Bxd3 13. Qxd3 a6 14. Rab1 Kh7
15. Bh2 e5 16. dxe5 Nxe5 17. Nxe5 Bxe5 18. Bxe5 Rxe5 19. Qd4 Re4 20. Qd3 c6 21.
Rbd1 Re8 22. c4 dxc4 23. Qxc4 Qc7 24. Rd4 Rad8 25. Red1 Rxd4 26. Rxd4 Re7 27.
Qc5 Rd7 28. Qc3 Rxd4 29. Qxd4 Kg8 30. f4 Qa5 31. a3 h5 32. Kf2 Qf5 33. Kg3 Qb1
34. Qd2 Qe4 35. Qd4 Qxd4 36. exd4 Kg7 37. Kf3 Kf6 38. Ke4 Ke6 39. g4 f5+ 40.
gxf5+ gxf5+ 41. Kf3 h4 42. Ke3 Kd5 43. Kd3 b5 44. b4 Kd6 45. Kc3 Kd5 46. Kd3
{Game drawn by mutual agreement} 1/2-1/2

[Event "Team 45 45 League T50"]
[Site "Internet Chess Club"]
[Date "2011.10.02"]
[Round "8"]
[White "GeorgeCostanza"]
[Black "Sir-Sinister"]
[Result "0-1"]
[WhiteElo "1779"]
[BlackElo "1861"]
[Opening "Queen's pawn game, Chigorin variation"]
[ECO "A40"]
[Time "13:00:24"]
[TimeControl "2700+45"]

1. d4 Nc6 2. Nf3 d5 3. c4 Bg4 4. e3 e6 5. Be2 dxc4 6. Qa4 Nf6 7. Ne5 Bxe2 8.
Nxc6 Qd5 9. Kxe2 bxc6 10. f3 Qb5 11. Nc3 Qxa4 12. Nxa4 Nd7 13. Bd2 Nb6 14. Nc3
Bd6 15. g3 f5 16. Rhc1 Rb8 17. Kf2 h5 18. Rab1 h4 19. Kg2 c5 20. Ne2 hxg3 21.
hxg3 Kd7 22. b3 cxd4 23. Nxd4 cxb3 24. axb3 c5 25. Nb5 Rb7 26. Rh1 Rxh1 27. Rxh1
Nc8 28. Nxd6 Nxd6 29. Ra1 Rxb3 30. Rxa7+ Kc6 31. Ra2 Kd5 32. Kf2 Nc4 33. Ke2 g5
34. Rc2 g4 35. fxg4 fxg4 36. Bc1 Nd6 37. Rd2+ Kc6 38. Ra2 Ne4 39. Ra6+ Kd5 40.
Ra8 Nxg3+ 41. Kd2 Ne4+ 42. Kc2 Rc3+ 43. Kb2 g3 44. Rg8 Kc4 45. Rg4 Kd3 46. Rg8
Rc2+ {White resigns} 0-1

[Event "Team 45 45 League T50"]
[Site "Internet Chess Club"]
[Date "2011.09.30"]
[Round "8"]
[White "gwolff"]
[Black "Packerfan"]
[Result "1/2-1/2"]
[WhiteElo "1845"]
[BlackElo "1830"]
[Opening "Budapest: Fajarowicz variation"]
[ECO "A51"]
[Time "09:39:22"]
[TimeControl "2700+45"]

1. d4 Nf6 2. c4 e5 3. dxe5 Ne4 4. Qd4 Bb4+ 5. Bd2 Nxd2 6. Nxd2 Nc6 7. Qe4 Bxd2+
8. Kxd2 Qe7 9. f4 d6 10. e3 dxe5 11. Nf3 O-O 12. f5 Qb4+ 13. Kc2 Rd8 14. Bd3 f6
15. h4 Ne7 16. g4 h5 17. Rhg1 Bd7 18. Nxe5 Bc6 19. Nxc6 Nxc6 20. Rad1 Ne5 21.
gxh5 Rd7 22. h6 Rad8 23. Rxg7+ Rxg7 24. hxg7 Rd7 25. b3 Qa3 26. Kb1 Rxg7 27.
Qxb7 Nxd3 28. Qd5+ Kh7 29. Qxd3 Rg2 30. Qc3 Qxa2+ 31. Kc1 Qa3+ 32. Kb1 Qa2+ 33.
Kc1 Qa3+ 34. Kb1 Qa2+ 35. Kc1 Qa3+ {Game drawn by repetition} 1/2-1/2

[Event "Team 45 45 League T50"]
[Site "Internet Chess Club"]
[Date "2011.09.28"]
[Round "8"]
[White "Razorbackchess"]
[Black "AntonioMendonca"]
[Result "0-1"]
[WhiteElo "1689"]
[BlackElo "1487"]
[Opening "Nimzo-Indian: classical, 4...c5"]
[ECO "E38"]
[Time "18:06:57"]
[TimeControl "2700+45"]

1. d4 Nf6 2. c4 e6 3. Nc3 Bb4 4. Qc2 c5 5. dxc5 Na6 6. a3 Bxc3+ 7. Qxc3 Nxc5 8.
f3 d6 9. e4 O-O 10. Be3 Bd7 11. b4 Nfxe4 12. fxe4 Qh4+ 13. Bf2 Qxf2+ 14. Kxf2
Nxe4+ 15. Ke1 Nxc3 16. Nf3 Bc6 17. Nd4 Be4 18. Rc1 e5 19. Rxc3 exd4 20. Rg3 a5
21. b5 d5 22. cxd5 Rad8 23. Bc4 Bxd5 24. Bxd5 Rxd5 25. a4 Rc8 26. Kd2 Rc4 27.
Rc1 Rxc1 28. Kxc1 f5 29. Kd2 Kf7 30. Kd3 Kf6 31. Kc4 Rd7 32. Rd3 Ke5 33. b6 Ke4
34. Rd1 d3 35. Re1+ Kf4 36. Kc3 d2 37. Rd1 Ke3 {White resigns} 0-1

[Event "Team 45 45 League T50"]
[Site "Internet Chess Club"]
[Date "2011.09.28"]
[Round "8"]
[White "az2112"]
[Black "crimsonviper"]
[Result "0-1"]
[WhiteElo "1726"]
[BlackElo "1880"]
[Opening "Ruy Lopez: closed, Chigorin, 12...c5d4"]
[ECO "C99"]
[Time "19:36:30"]
[TimeControl "2700+45"]

1. e4 e5 2. Nf3 Nc6 3. Bb5 a6 4. Ba4 Nf6 5. O-O Be7 6. Re1 b5 7. Bb3 d6 8. c3
O-O 9. h3 Na5 10. Bc2 c5 11. d4 Qc7 12. Nbd2 cxd4 13. cxd4 Nc6 14. a3 Bd7 15.
Nb3 a5 16. Be3 a4 17. Nbd2 Rfc8 18. Rc1 Qb7 19. Bb1 Bd8 20. Qe2 Rab8 21. Red1
exd4 22. Nxd4 Ne5 23. f4 Ng6 24. Nf5 Bxf5 25. exf5 Ne7 26. Nf3 Ned5 27. Bf2 Nxf4
28. Qd2 Nxh3+ 29. gxh3 Qxf3 30. Rxc8 Rxc8 31. Qxd6 Bc7 32. Qd7 Nxd7 {White
resigns} 0-1

[Event "Team 45 45 League T50"]
[Site "Internet Chess Club"]
[Date "2011.09.29"]
[Round "8"]
[White "BuddyT"]
[Black "Tamarin"]
[Result "1-0"]
[WhiteElo "1829"]
[BlackElo "1859"]
[Opening "QGD Slav: 4.e3"]
[ECO "D11"]
[Time "23:35:17"]
[TimeControl "2700+45"]

1. d4 d5 2. c4 c6 3. Nf3 Nf6 4. e3 e6 5. Bd3 Nbd7 6. O-O Bd6 7. Nc3 O-O 8. Qc2
h6 9. e4 dxe4 10. Nxe4 Nxe4 11. Bxe4 Nf6 12. Re1 Re8 13. Ne5 Bxe5 14. dxe5 Nxe4
15. Qxe4 Qc7 16. Qg4 Kh8 17. Qh5 Kh7 18. Re4 Rh8 19. Rg4 b6 20. Rf4 Kg8 21. Be3
c5 22. Re1 Bb7 23. Rd1 g6 24. Qh4 Re8 25. Rd6 Qe7 26. Rf6 Kg7 27. Qf4 h5 28. Qh4
Rd8 29. Rxg6+ Kxg6 30. Qxe7 Rb8 31. Qf6+ Kh7 32. Qxf7# {Black checkmated} 1-0

[Event "Team 45 45 League T50"]
[Site "Internet Chess Club"]
[Date "2011.10.02"]
[Round "8"]
[White "ryan2chess"]
[Black "BTop"]
[Result "1-0"]
[WhiteElo "1866"]
[BlackElo "1640"]
[Opening "Sicilian: Najdorf, Byrne (English) attack"]
[ECO "B90"]
[Time "19:00:09"]
[TimeControl "2700+45"]

1. e4 c5 2. Nf3 d6 3. d4 cxd4 4. Nxd4 Nf6 5. Nc3 a6 6. Be3 e5 7. Nb3 Be6 8. f3
h5 9. Qd2 Nbd7 10. O-O-O Rc8 11. Kb1 Be7 12. Be2 b5 13. Nc1 Qc7 14. a3 Rb8 15.
Nd3 a5 16. a4 Bc4 17. b3 bxa4 18. Nxa4 O-O 19. Ndb2 Bxe2 20. Qxe2 Rfc8 21. Bf2
Nc5 22. Bxc5 dxc5 23. Nc4 Qc6 24. Kc1 Qb5 25. Qe1 Nxe4 26. fxe4 Bg5+ 27. Ne3 c4
28. Nc3 Qb4 29. bxc4 Rxc4 30. Rd3 Rxc3 31. Rxc3 Qb2+ 32. Kd2 Rd8+ 33. Ke2 {Black
resigns} 1-0

[Event "Team 45 45 League T50"]
[Site "Internet Chess Club"]
[Date "2011.10.02"]
[Round "8"]
[White "pishd"]
[Black "mmf00"]
[Result "0-1"]
[WhiteElo "1698"]
[BlackElo "1883"]
[Opening "Queen's pawn game"]
[ECO "A46"]
[Time "07:10:33"]
[TimeControl "2700+45"]

1. d4 Nf6 2. Nf3 e6 3. Bf4 d5 4. e3 Bd6 5. Ne5 O-O 6. Nd2 c5 7. c3 Nc6 8. Bg3
Qc7 9. f4 cxd4 10. exd4 h6 11. Bd3 a6 12. Bh4 Nd7 13. Qh5 Ndxe5 14. fxe5 Be7 15.
Nf3 Bxh4+ 16. Nxh4 Qe7 17. Nf3 Bd7 18. g4 Be8 19. g5 f6 20. Qg4 fxg5 21. Ke2 Rf4
22. Qg3 Bh5 23. Raf1 Raf8 24. Ke3 Rxf3+ 25. Rxf3 Rxf3+ {White resigns} 0-1

[Event "Team 45 45 League T50"]
[Site "Internet Chess Club"]
[Date "2011.10.02"]
[Round "8"]
[White "anna"]
[Black "obaut"]
[Result "1-0"]
[WhiteElo "1607"]
[BlackElo "1408"]
[Opening "Giuoco Piano: Greco's attack"]
[ECO "C54"]
[Time "19:00:19"]
[TimeControl "2700+45"]

1. e4 e5 2. Nf3 Nc6 3. Bc4 Bc5 4. c3 Nf6 5. d4 exd4 6. cxd4 Bb4+ 7. Nc3 Bxc3+ 8.
bxc3 Nxe4 9. Qc2 d5 10. Bd3 Bf5 11. O-O O-O 12. Nh4 Qxh4 13. f3 Rfe8 14. fxe4
dxe4 15. Rxf5 exd3 16. Qxd3 Re1+ 17. Rf1 Rae8 18. Bd2 R1e7 19. Rf3 Qe4 20. Qf1
Qe2 21. Qc1 Na5 22. Rh3 Nc4 23. Bg5 Re6 24. Qf4 Ne3 25. Rg3 g6 26. Bf6 b6 27.
Be5 c5 28. Qh6 Nf5 29. Qg5 Nxg3 30. hxg3 cxd4 31. Bxd4 Qb2 32. Rf1 Qxa2 33. Qh6
f6 34. Bxf6 Rxf6 35. Rxf6 Qb1+ 36. Kh2 Re7 37. Rf8# {Black checkmated} 1-0

[Event "Team 45 45 League T50"]
[Site "Internet Chess Club"]
[Date "2011.10.02"]
[Round "8"]
[White "SlimeDog2"]
[Black "Zumbi"]
[Result "1/2-1/2"]
[WhiteElo "2102"]
[BlackElo "2186"]
[Opening "QGD semi-Slav: Meran variation"]
[ECO "D47"]
[Time "20:00:21"]
[TimeControl "2700+45"]

1. d4 d5 2. Nf3 Nf6 3. c4 e6 4. Nc3 c6 5. e3 Nbd7 6. Bd3 dxc4 7. Bxc4 b5 8. Bd3
Bd6 9. O-O O-O 10. e4 e5 11. d5 cxd5 12. Nxb5 dxe4 13. Bxe4 Nxe4 14. Nxd6 Nxd6
15. Qxd6 e4 16. Ng5 Nf6 17. Qf4 Re8 18. Qg3 h6 19. Nh3 Nh5 {Game drawn by mutual
agreement} 1/2-1/2

[Event "Team 45 45 League T50"]
[Site "Internet Chess Club"]
[Date "2011.10.04"]
[Round "8"]
[White "grabuark"]
[Black "perikitosax"]
[Result "0-1"]
[WhiteElo "2074"]
[BlackElo "2048"]
[Opening "Sicilian: Alapin's variation (2.c3)"]
[ECO "B22"]
[Time "14:07:14"]
[TimeControl "2700+45"]

1. e4 c5 2. c3 d5 3. exd5 Qxd5 4. d4 e6 5. Nf3 Nf6 6. Be2 Nc6 7. O-O cxd4 8.
cxd4 Bd6 9. Nc3 Qa5 10. a3 h6 11. Bd3 O-O 12. Re1 a6 13. h3 Rd8 14. Be3 Nd5 15.
Nxd5 Qxd5 16. Bc2 Bf8 17. Qd3 g6 18. Rad1 Bg7 19. Bb3 Qh5 20. Qe2 Ne7 21. Ne5
Qxe2 22. Rxe2 Nd5 23. Bc1 Bd7 24. Bxd5 exd5 25. Nxd7 Rxd7 26. Rc2 Re8 27. Be3 f5
28. Rd3 Re4 29. f3 Rxe3 {White resigns} 0-1

[Event "Team 45 45 League T50"]
[Site "Internet Chess Club"]
[Date "2011.10.01"]
[Round "8"]
[White "DreamCatcher13"]
[Black "Tobiasdelmonte"]
[Result "0-1"]
[WhiteElo "2013"]
[BlackElo "1775"]
[Opening "Alekhine's defense: modern, Larsen variation"]
[ECO "B04"]
[Time "11:15:30"]
[TimeControl "2700+45"]

1. e4 Nf6 2. e5 Nd5 3. d4 d6 4. Nf3 dxe5 5. Nxe5 c6 6. c4 Nb4 7. a3 Qxd4 8. Nxf7
Qe4+ 9. Qe2 Nd3+ 10. Kd2 Qxe2+ 11. Bxe2 Nxc1 12. Nxh8 Nb3+ 13. Kc3 Nxa1 14. Nd2
g6 15. Nxg6 hxg6 16. Rxa1 Bf5 17. Nb3 Bg7+ 18. Kd2 Bxb2 19. Ra2 Bf6 20. f4 Bb1
21. Ra1 Bxa1 22. Nxa1 Na6 23. g4 O-O-O+ 24. Kc3 Nc5 25. Nb3 Nxb3 26. Kxb3 Rd2
27. Bf1 Rf2 28. Bh3 Rf3+ 29. Kb4 Rxh3 {White resigns} 0-1

[Event "Team 45 45 League T50"]
[Site "Internet Chess Club"]
[Date "2011.10.03"]
[Round "8"]
[White "mydogeatschess"]
[Black "futureGM"]
[Result "0-1"]
[WhiteElo "1808"]
[BlackElo "1888"]
[Opening "two knights defense: Fritz, Gruber variation"]
[ECO "C57"]
[Time "16:06:38"]
[TimeControl "2700+45"]

1. e4 e5 2. Nf3 Nc6 3. Bc4 Nf6 4. Ng5 d5 5. exd5 b5 6. Bf1 Nd4 7. c3 Nxd5 8. Ne4
Qh4 9. Ng3 Nc6 10. Bxb5 Bb7 11. Qf3 O-O-O 12. O-O Bc5 13. Nf5 Qf6 14. Qg4 Kb8
15. Bxc6 Bxc6 16. d4 exd4 17. Bg5 Qg6 18. Nh4 Qc2 19. cxd4 f6 20. Rc1 Qxb2 21.
Nd2 Bb6 22. Nc4 Qxd4 23. Qxd4 Bxd4 24. Rab1+ Kc8 25. Nf5 Bxf2+ 26. Kxf2 fxg5 27.
Nd4 Bb7 28. Ne6 Rd7 29. Kg1 Nf4 30. Nxf4 gxf4 31. Rb4 Rhd8 32. Kf2 Ba6 33. Rcb1
Rd5 34. Rb8+ Kd7 35. Ne5+ Ke8 36. Rxd8+ Kxd8 37. Rb8+ Ke7 38. Nc6+ Kf7 39. Nd8+
Kf6 40. Nc6 Kf7 41. Nxa7 Rd2+ 42. Kf3 Rxa2 43. Nc6 Bf1 44. Kxf4 Rf2+ 45. Ke5
Re2+ 46. Kf4 Rf2+ 47. Ke5 Bxg2 48. Nd4 Bh3 49. Rb7 Rxh2 50. Rxc7+ Kg6 51. Rc6+
Kh5 52. Rc7 Kh6 53. Rc6+ g6 54. Kf4 Ra2 55. Nf3 Bg2 56. Rc7 Rf2 57. Kg3 Rxf3+
58. Kxg2 Ra3 59. Rc6 Ra5 60. Rc7 g5 61. Kg3 Ra4 62. Rd7 Kg6 63. Rd6+ Kh5 64. Rd5
h6 65. Rb5 Ra3+ 66. Kh2 Kh4 67. Kh1 g4 68. Rb1 h5 69. Rg1 Kh3 70. Rb1 g3 71. Rg1
Ra2 72. Rb1 Ra3 73. Kg1 h4 74. Rc1 g2 75. Rb1 Rf3 76. Ra1 Kg3 77. Ra3 h3 78.
Rxf3+ Kxf3 79. Kh2 Kf2 80. Kxh3 g1=Q 81. Kh4 Qg6 82. Kh3 Qg3# {White checkmated}
0-1

[Event "Team 45 45 League T50"]
[Site "Internet Chess Club"]
[Date "2011.10.04"]
[Round "8"]
[White "MikeA"]
[Black "QueensCounselor"]
[Result "1-0"]
[WhiteElo "2221"]
[BlackElo "2151"]
[Opening "Sicilian: Najdorf, Byrne (English) attack"]
[ECO "B90"]
[Time "13:00:15"]
[TimeControl "2700+45"]

1. e4 c5 2. Nf3 d6 3. d4 cxd4 4. Nxd4 Nf6 5. Nc3 a6 6. Be3 e5 7. Nf3 Be7 8. Bc4
O-O 9. O-O Nc6 10. Qd3 Na5 11. Bd5 Bg4 12. Nd2 Rc8 13. a3 b5 14. h3 Be6 15. a4
b4 16. Na2 Bxd5 17. exd5 Rb8 18. Rfc1 h6 19. c3 bxc3 20. Nxc3 Rxb2 21. Rab1 Qb8
22. Qxa6 Rxb1 23. Rxb1 Qa8 24. Qd3 Rc8 25. Rb5 Nb7 26. Qc2 Nd7 27. Qf5 Nbc5 28.
Nc4 g6 29. Qc2 Bf8 30. a5 Qa6 31. Nb6 Nxb6 32. axb6 Nb7 33. Qb3 Kg7 34. Rb4 Be7
35. Ne4 Ra8 36. Qc4 Qxc4 37. Rxc4 Bd8 38. Rc6 f5 39. Nxd6 Nxd6 40. Rxd6 f4 41.
Bc5 Kf7 42. b7 {Black resigns} 1-0

[Event "Team 45 45 League T50"]
[Site "Internet Chess Club"]
[Date "2011.10.03"]
[Round "8"]
[White "fledermaus"]
[Black "Kueh"]
[Result "1-0"]
[WhiteElo "1966"]
[BlackElo "1965"]
[Opening "King's Indian: Kazakh variation"]
[ECO "E91"]
[Time "12:47:04"]
[TimeControl "2700+45"]

1. d4 Nf6 2. c4 g6 3. Nc3 Bg7 4. e4 d6 5. Nf3 O-O 6. Be2 Na6 7. O-O e5 8. Re1
exd4 9. Nxd4 Nc5 10. f3 a5 11. Be3 h5 12. Qd2 Be6 13. Bh6 Kh7 14. Bxg7 Kxg7 15.
b3 h4 16. Qg5 Rh8 17. Nd5 Bd7 18. Nc2 Ne6 19. Qxf6+ Qxf6 20. Nxf6 Kxf6 21. Ne3
Nf4 22. Rac1 Ke5 23. Kf2 Rh5 24. c5 Nxe2 25. Rxe2 Bb5 26. Rd2 Rd8 27. Rd5+ Ke6
28. Rxh5 gxh5 29. cxd6 Rxd6 30. Nd5 Ke5 31. Ke3 c6 32. f4+ Ke6 33. Nc7+ Kd7 34.
Nxb5 cxb5 35. Rc5 Rc6 36. Rxb5 h3 37. gxh3 Rc3+ 38. Kd4 Rxh3 39. Rxb7+ Ke6 40.
Rb6+ Ke7 41. Ke5 Rxh2 42. Rb7+ Ke8 43. Kf6 Rxa2 44. Rb8+ Kd7 45. e5 Rf2 46. f5
h4 47. Rb7+ Ke8 48. Rb8+ Kd7 49. Rh8 Rf4 50. Rh7 Ke8 51. Rh8+ Kd7 52. Rh5 Ke8
53. Rh7 Re4 54. Rh8+ Kd7 55. Rf8 h3 56. Rxf7+ Kc6 57. Rh7 Re3 58. Ke6 Rxb3 59.
f6 Rf3 60. f7 a4 61. Rxh3 Rxh3 62. f8=Q a3 63. Qb4 Rh6+ 64. Kf7 Rh7+ 65. Kf6 Ra7
66. Qc4+ Kb7 67. Qa2 Kc6 68. e6 Kd6 69. e7 Ra8 70. Qe6+ {Black resigns} 1-0

[Event "Team 45 45 League T50"]
[Site "Internet Chess Club"]
[Date "2011.10.01"]
[Round "8"]
[White "primerpaso"]
[Black "jonesey"]
[Result "1/2-1/2"]
[WhiteElo "1909"]
[BlackElo "1946"]
[Opening "English: Bremen, reverse dragon"]
[ECO "A22"]
[Time "11:02:05"]
[TimeControl "2700+45"]

1. c4 e5 2. Nc3 Nf6 3. g3 d5 4. cxd5 Nxd5 5. Bg2 Nb6 6. Nf3 Nc6 7. O-O Be7 8. d3
O-O 9. Be3 Re8 10. d4 Nc4 11. d5 Nxe3 12. fxe3 Nb4 13. Nxe5 f6 14. Nd3 Nxd3 15.
exd3 Bc5 16. d4 Bb6 17. Qd3 Qe7 18. Rae1 Bd7 19. Kh1 Qb4 20. Be4 h6 21. Bg6 Re7
22. Rf2 Bxd4 23. Rf4 c5 24. Re2 Bxc3 25. Rxb4 Bxb4 26. a3 Ba5 27. Qb3 b6 28. Qc4
Re5 29. b4 cxb4 30. axb4 b5 31. Qb3 Bb6 32. Kg2 Rc8 33. e4 Rc1 34. Rc2 Rg1+ 35.
Kf3 Rf1+ 36. Kg2 Rg1+ 37. Kf3 Rf1+ 38. Kg2 Rg1+ 39. Kf3 {Game drawn by
repetition} 1/2-1/2

[Event "Team 45 45 League T50"]
[Site "Internet Chess Club"]
[Date "2011.09.30"]
[Round "8"]
[White "civilization"]
[Black "CaoCao"]
[Result "1/2-1/2"]
[WhiteElo "1793"]
[BlackElo "1910"]
[Opening "Giuoco Piano: Möller (Therkatz) attack"]
[ECO "C54"]
[Time "22:07:57"]
[TimeControl "2700+45"]

1. e4 e5 2. Nf3 Nc6 3. Bc4 Bc5 4. c3 Nf6 5. d4 exd4 6. cxd4 Bb4+ 7. Nc3 Nxe4 8.
O-O Bxc3 9. d5 Bf6 10. Re1 Ne7 11. Rxe4 d6 12. Bg5 Bxg5 13. Nxg5 h6 14. Qe2 hxg5
15. Re1 Be6 16. dxe6 f5 17. Re3 g4 18. h3 d5 19. Bb3 c6 20. hxg4 Qd6 21. Rg3
fxg4 22. Qxg4 O-O-O 23. Rh3 Rxh3 24. Qxh3 Rf8 25. Qe3 Qf4 26. Qxa7 d4 27. Rf1
Rf6 28. Qa8+ Kc7 29. Qa5+ Kc8 30. Qa8+ Kc7 31. Qa5+ Kc8 32. Qa8+ {Game drawn by
repetition} 1/2-1/2

[Event "Team 45 45 League T50"]
[Site "Internet Chess Club"]
[Date "2011.10.03"]
[Round "8"]
[White "NFork"]
[Black "SuperPeon"]
[Result "1-0"]
[WhiteElo "2331"]
[BlackElo "2137"]
[Opening "Old Indian defense"]
[ECO "A53"]
[Time "05:06:06"]
[TimeControl "2700+45"]

1. d4 Nf6 2. c4 d6 3. Nf3 g6 4. Nc3 Bf5 5. Qb3 b6 6. h3 Bg7 7. g4 Bd7 8. e4 O-O
9. Be2 c5 10. d5 e5 11. Be3 Na6 12. Nh2 Nc7 13. g5 Nfe8 14. h4 a6 15. a4 f5 16.
gxf6 Nxf6 17. Rg1 b5 18. Qc2 Kh8 19. b3 b4 20. Nd1 a5 21. Bg5 Qe8 22. Ne3 h6 23.
Bxf6 Rf7 24. Bxg7+ Rxg7 25. Bg4 Bxg4 26. Nexg4 h5 27. Ne3 Qf7 28. Rg3 Qf4 29.
Ng2 Qf6 30. Qd2 Re8 31. Qg5 Qf7 32. Nf3 Rf8 33. Qh6+ Kg8 34. Qe3 Qe8 35. Ng5 Rf6
36. O-O-O Qe7 37. Rf3 Rxf3 38. Qxf3 Ne8 39. Rg1 Kh8 40. Ne3 Nc7 41. Qg3 Rg8 42.
Kd1 Qf6 43. Qf3 Qg7 44. Nf7+ Kh7 45. Nxd6 {Black resigns} 1-0

[Event "Team 45 45 League T50"]
[Site "Internet Chess Club"]
[Date "2011.10.02"]
[Round "8"]
[White "BadHabitMarco"]
[Black "Greedy-Reedy"]
[Result "1/2-1/2"]
[WhiteElo "2176"]
[BlackElo "2015"]
[Opening "Robatsch (modern) defense"]
[ECO "B06"]
[Time "13:59:35"]
[TimeControl "2700+45"]

1. e4 g6 2. d4 Bg7 3. Nf3 d6 4. Bc4 c6 5. O-O d5 6. Bb3 dxe4 7. Ng5 e6 8. Nxe4
Nf6 9. Nxf6+ Qxf6 10. c3 O-O {Game drawn by mutual agreement} 1/2-1/2

[Event "Team 45 45 League T50"]
[Site "Internet Chess Club"]
[Date "2011.10.01"]
[Round "8"]
[White "BigH"]
[Black "DARKwizard1"]
[Result "1/2-1/2"]
[WhiteElo "2019"]
[BlackElo "2020"]
[Opening "English: Neo-Catalan"]
[ECO "A13"]
[Time "09:07:48"]
[TimeControl "2700+45"]

1. Nf3 Nf6 2. c4 e6 3. g3 d5 4. Bg2 c5 5. O-O Nc6 6. e3 d4 7. exd4 cxd4 8. d3
Bd6 9. Bg5 h6 10. Bxf6 Qxf6 11. Nbd2 Bc7 12. Rb1 a5 13. b3 Qe7 14. Re1 O-O 15.
Qe2 Qa3 16. Ne4 f5 17. Ned2 Bd7 18. Nh4 Rf6 19. f4 g5 20. fxg5 hxg5 21. Bxc6
Bxc6 22. Nhf3 g4 23. Ne5 Qxa2 24. Qf2 Bxe5 25. Rxe5 Kf7 26. Rbe1 Re8 27. R5e2
Qa3 28. Qxd4 Qe7 29. c5 Rd8 30. Qe3 Rd5 31. Rc1 Kg6 32. Nc4 Rf8 33. Nxa5 Rfd8
34. Nxc6 bxc6 35. Qxe6+ Qf6 36. Rce1 Rxc5 37. d4 Rcd5 38. Qxf6+ Kxf6 39. Re6+
Kg5 40. Rxc6 Rxd4 41. Kf2 Rd2+ 42. Re2 Rxe2+ 43. Kxe2 Rh8 44. b4 Rxh2+ 45. Kf1
Rh1+ 46. Kf2 Rb1 47. Rc4 Rb2+ 48. Kf1 Kf6 49. Rd4 Ke5 50. Rc4 Rd2 51. Rc3 Kd4
52. Rb3 Kc4 53. Rb1 Kb5 54. Rb3 Rc2 55. Rb1 Rh2 56. Kg1 Rd2 57. Kf1 Rd3 58. Kf2
Rf3+ 59. Kg2 f4 {Game drawn by mutual agreement} 1/2-1/2

[Event "Team 45 45 League T50"]
[Site "Internet Chess Club"]
[Date "2011.09.30"]
[Round "8"]
[White "siddhu"]
[Black "zap2"]
[Result "1-0"]
[WhiteElo "1966"]
[BlackElo "1799"]
[Opening "Caro-Kann: exchange variation"]
[ECO "B13"]
[Time "04:53:51"]
[TimeControl "2700+45"]

1. e4 c6 2. d4 d5 3. exd5 cxd5 4. Nf3 Bf5 5. Bb5+ Bd7 6. Bxd7+ Nxd7 7. Bf4 e6 8.
O-O Ne7 9. Nc3 Ng6 10. Bg3 a6 11. Re1 Be7 12. Ne2 O-O 13. Nf4 Nxf4 14. Bxf4 Rc8
15. c3 b5 16. Rc1 Qa5 17. a3 Qd8 18. a4 b4 19. cxb4 Bxb4 20. Re2 Nb6 21. Rec2
Bd6 22. Rxc8 Nxc8 23. Rxc8 Qxc8 24. Bxd6 Rd8 25. Bc5 f6 26. b4 Rd7 27. a5 Rb7
28. Qe2 Rc7 29. h3 Kf7 30. Ne1 Qb7 31. Qh5+ {Black resigns} 1-0

[Event "Team 45 45 League T50"]
[Site "Internet Chess Club"]
[Date "2011.10.01"]
[Round "8"]
[White "chiiwen"]
[Black "ben622"]
[Result "1-0"]
[WhiteElo "2216"]
[BlackElo "1953"]
[Opening "Alekhine's defense: exchange variation"]
[ECO "B03"]
[Time "21:03:09"]
[TimeControl "2700+45"]

1. e4 Nf6 2. e5 Nd5 3. d4 d6 4. c4 Nb6 5. exd6 exd6 6. Nc3 Nc6 7. Be3 Be7 8. Nf3
Bg4 9. b3 O-O 10. Be2 Bf6 11. h3 Bf5 12. O-O d5 13. c5 Nc8 14. a3 Be6 15. b4 a6
16. Qb3 Qd7 17. a4 a5 18. b5 Nb4 19. Na2 Nxa2 20. Rxa2 Ne7 21. Bf4 Ng6 22. Bg3
Qd8 23. Rc1 Nh4 24. Nxh4 Bxh4 25. Be5 Bf6 26. Qg3 Rc8 27. Rd1 Bxe5 28. Qxe5 Qh4
29. Bf3 Rfd8 30. Re2 b6 31. Rc1 Qf6 32. cxb6 cxb6 33. Rxc8 Rxc8 34. Bxd5 Qxe5
35. Rxe5 Bxd5 36. Rxd5 Kf8 37. Rd6 Rc1+ 38. Kh2 Rc4 39. d5 Rxa4 40. Rxb6 Rd4 41.
d6 Ke8 42. Ra6 Kd7 43. Rxa5 Kxd6 44. Ra7 Ke6 45. g4 Rb4 46. Rb7 g6 47. Kg3 h6
48. f3 Rb3 49. h4 g5 50. Rb6+ Ke7 51. h5 f6 52. Rb7+ Ke6 53. b6 Kd6 54. Rb8 Kd7
55. b7 Kc7 56. Rf8 Rb6 57. b8=Q+ Rxb8 58. Rxf6 Rh8 59. f4 gxf4+ 60. Kxf4 Kd7 61.
Kf5 Ke7 62. Re6+ Kd7 63. Ra6 Rf8+ 64. Rf6 Rh8 65. Rf7+ Kd6 66. Kf6 Rg8 67. Rg7
Rf8+ 68. Kg6 Rh8 69. Kf7 Ke5 70. Rg8 Rh7+ 71. Kg6 Ra7 72. Kxh6 Kf6 73. Rf8+ Ke5
74. g5 Ke6 75. g6 {Black resigns} 1-0